 Dungeon Crawl Stone Soup version 0.18-a0-1273-g8ec5f8e (webtiles) character file.

130653 Ijustatesigmund the Fighter (level 16, -20/133 HPs)
             Began as a Demonspawn Fighter on Feb 5, 2016.
             Was the Champion of Okawaru.
             Demolished by Agnes
             ... wielding a +0 lajatang
              (26 damage)
             ... while paralysed by a vampire knight
             ... on level 1 of the Depths on Feb 7, 2016.
             The game lasted 01:36:11 (28379 turns).

Ijustatesigmund the Fighter (Demonspawn Fighter)   Turns: 28379, Time: 01:36:17

Health: -20/133    AC: 23    Str: 26    XL:     16   Next: 53%
Magic:  34/34      EV:  2    Int: 11    God:    Okawaru [******]
Gold:   2712       SH:  0    Dex: 25    Spells: 2 memorised, 12 levels left

rFire  . . .     SeeInvis +     s - +6 eveningstar "Apridou" {vamp, MP+9 Dex+4}
rCold  + . .     Gourm    .     r - +6 scale mail "Ennetwit" {rC+ SInv}
rNeg   . . .     Faith    .     w - +1 large shield {rPois}
rPois  +         Spirit   .     A - +1 helmet
rElec  .         Dismiss  .     m - +2 cloak {+Inv}
rCorr  .         Reflect  +     Z - +2 pair of gloves {Str+3}
SustAt .         Harm     .     j - +1 pair of boots
MR     +....                    M - +3 amulet of reflection
Stlth  +.........               E - +4 ring of evasion
                                O - +4 ring of dexterity

@: paralysed, mighty, corroded equipment, somewhat resistant to hostile
enchantments, very unstealthy
A: hooves 2, icy blue scales 1, powered by pain 2, spiny 2, augmentation 1
a: Heroism, Finesse, Renounce Religion, Evoke Invisibility


You were on level 1 of the Depths.
You worshipped Okawaru.
Okawaru was exalted by your worship.
You were hungry.

You visited 4 branches of the dungeon, and saw 26 of its levels.
You also visited: Sewer, Bailey, Ice Cave and Volcano.

You collected 2996 gold pieces.
You spent 284 gold pieces at shops.

Inventory:

Hand Weapons
 s - the +6 eveningstar "Apridou" (weapon) {vamp, MP+9 Dex+4}
   (You acquired it on level 15 of the Dungeon)

   It inflicts no extra harm, but heals its wielder somewhat when it strikes a
   living foe.
   It affects your dexterity (+4).
   It affects your magic capacity (+9).
Armour
 j - a +1 pair of boots (worn)
 m - a +2 cloak of invisibility (worn)
 r - the +6 scale mail "Ennetwit" (worn) {rC+ SInv}
   (You found it on level 4 of the Dungeon)

   It protects you from cold.
   It lets you see invisible.
 w - a +1 large shield of poison resistance (worn)
 A - a +1 helmet (worn)
 B - the +4 ring mail of the Alphagorgon {MR+ MP-9 Str+8 Slay+2}
   (Okawaru gifted it to you in an ice cave)

   It affects your strength (+8).
   It affects your accuracy and damage with ranged weapons and melee attacks
   (+2).
   It affects your resistance to hostile enchantments.
   It affects your magic capacity (-9).
 Z - a +2 pair of gloves of strength (worn)
Jewellery
 a - an uncursed ring of positive energy
 e - an uncursed ring of sustain attributes
 C - a +4 ring of strength
 E - a +4 ring of evasion (right hand)
 H - an uncursed ring of ice
 M - a +3 amulet of reflection (around neck)
 O - a +4 ring of dexterity (left hand)
Wands
 c - a wand of lightning (5/15)
 k - a wand of teleportation (5/9)
 n - a wand of digging (14/24)
 y - a wand of flame (37/48)
 z - a wand of flame (20/48)
 D - a wand of polymorph (4/24)
 I - a wand of iceblast (0/15)
 T - a wand of lightning (7/15)
 U - a wand of teleportation (4/9)
Scrolls
 b - 5 scrolls of recharging
 g - 3 scrolls of amnesia
 l - a scroll of enchant weapon
 q - 9 scrolls of remove curse
 t - a scroll of silence
 K - 2 scrolls of blinking
 P - 4 scrolls of teleportation
 R - 3 scrolls of fear
 S - a scroll of fog
Potions
 d - a potion of might
 h - a potion of cancellation
 o - 4 potions of cure mutation
 p - 3 potions of heal wounds
 u - a potion of agility
 v - 4 potions of magic
 x - 3 potions of resistance
 F - 3 potions of brilliance
 J - 4 potions of curing
 L - a potion of invisibility
 Q - 2 potions of berserk rage
 W - a potion of ambrosia
 X - 2 potions of flight
 Y - a potion of haste
Miscellaneous
 G - a legendary deck of wonders {Wild Magic}
 N - a phantom mirror
Comestibles
 f - 11 bread rations
 i - 12 meat rations
 V - 6 royal jellies


   Skills:
 + Level 14.3 Fighting
 * Level 14.0 Maces & Flails
 - Level 10.7 Armour
 - Level 10.1 Dodging
 - Level 13.6 Shields
 - Level 5.0 Translocations
 - Level 12.0 Invocations


You had 12 spell levels left.
You knew the following spells:

 Your Spells              Type           Power        Failure   Level  Hunger
a - Blink                 Tloc           N/A          63%         2    ###....
b - Apportation           Tloc           ##........   38%         1    ##.....


Dungeon Overview and Level Annotations

Branches:
Dungeon (15/15)            Temple (0/1) D:5            Lair (8/8) D:8
 Shoals (0/4) Lair:5       Spider (0/4) Lair:3        Slime (0/6) Lair:8
    Orc (2/2) D:10            Elf (0/3) Orc:2        Vaults (0/5) D:13
 Depths (1/5) D:15

Altars:
Ashenzari
Cheibriados
Dithmenos
Elyvilon
Fedhas
Kikubaaqudgha
Nemelex Xobeh
Okawaru
Pakellas
Qazlal
Ru
Sif Muna
Trog
Xom

Shops:
D:12 ?   Orc:2 **[[

Annotations:
Depths:1 Agnes


Innate Abilities, Weirdness & Mutations

You have hoof-like feet.
You are partially covered in icy blue scales (AC +1).
You sometimes gain power by taking damage.
You are mostly covered in sharp spines.
Your magical and physical power is slightly enhanced at high health.


Message History

Agnes is struck by your spines. Agnes hits you but does no damage.
The vampire knight hits you with a long sword!
The vampire knight bites you. Agnes hits you but does no damage.
The vampire knight hits you with a long sword!
The vampire knight bites you. Agnes hits you with a lajatang!!
You focus on the pain.
You feel very mighty all of a sudden. Agnes hits you with a lajatang!
* * * LOW HITPOINT WARNING * * *
The vampire knight hits you with a long sword!!
* * * LOW HITPOINT WARNING * * *
The vampire knight bites you but does no damage.
Agnes hits you but does no damage. Agnes hits you with a lajatang!
* * * LOW HITPOINT WARNING * * *
The vampire knight hits you but does no damage.
The vampire knight bites you but does no damage.
Agnes is struck by your spines. Agnes hits you with a lajatang!!
You die...

#####.##### #..#
##.# #########
#)## #.......#
#))# #
......#####'###
...###..........#
...#^#..........#
##)@........#
#.....iV........#
................#
....####........#
### #####+####


You could see Agnes and a vampire knight (invisible).

Vanquished Creatures
  Frederick (Depths:1)
  Frances (Depths:1)
  Kirke (Lair:4)
  Wiglaf (Depths:1)
  The ghost of namelastname112 the Marksdraconian, a journeyman DrHu of Gozag (D:15)
  A frost giant (IceCv)
  A draconian knight (Depths:1)
  2 very ugly things (Depths:1)
  A stone giant (Depths:1)
  A dire elephant (D:15)
  The ghost of Lathuz the Severer, a journeyman MiBe of Trog (IceCv)
  2 fire dragons
  A vault guard (D:13)
  Josephine (Lair:4)
  The ghost of YrmMerkstave the Transmogrifier, a journeyman DrTm (D:11)
  5 centaur warriors
  6 hydras
  A death knight (D:15)
  A queen ant (Lair:8)
  3 ogre magi
  9 death yaks
  A skeletal warrior (D:13)
  2 deep trolls (Orc:2)
  An unseen horror (D:13)
  A phantasmal warrior (D:15)
  9 hill giants
  4 orc knights
  A wizard (D:13)
  A lindwurm (Lair:3)
  A griffon (D:15)
  4 cyclopes
  4 orc sorcerers
  A deep elf mage (D:14)
  A wolf spider (D:15)
  A manticore (D:11)
  11 ugly things
  A salamander (D:15)
  3 toenail golems (Volcano)
  Psyche (D:9)
  An octopode (shapeshifter) (D:14)
  10 black mambas
  An ice statue (IceCv)
  Joseph (D:7)
  19 spiny frogs
  A gargoyle (D:14)
  4 centaur skeletons
  2 freezing wraiths (D:15)
  An efreet (Volcano)
  9 komodo dragons
  2 fire drakes
  A red devil (Volcano)
  A spriggan druid (Lair:8)
  13 trolls
  A jumping spider (Lair:3)
  16 polar bears
  A queen bee (D:15)
  11 two-headed ogres
  A two-headed ogre (shapeshifter) (D:15)
  14 blink frogs
  Grinder (D:4)
  3 slime creatures (Lair:8)
  7 redbacks
  Sigmund (D:4)
  17 spriggans
  8 wraiths
  A wyvern (Lair:1)
  46 yaks
  A basilisk (Lair:1)
  23 humans (D:13)
  The ghost of FrancescoMac the Shield-Bearer, an amateur HOFi (D:4)
  12 hippogriffs
  A fire bat (Volcano)
  5 hogs (Lair:5)
  52 wolves
  2 hungry ghosts
  Edmund (D:6)
  A mottled dragon (D:14)
  3 wargs
  20 soldier ants (Lair:8)
  Duvessa (D:4)
  14 water moccasins
  6 black bears
  5 porcupines
  3 ice beasts
  39 orc warriors
  5 wasps
  4 sky beasts
  The ghost of namelastname112 the Cudgeler, an amateur DrGl (D:3)
  A necrophage (D:10)
  2 eyes of draining
  4 phantoms
  30 ogres
  13 crocodiles
  11 centaurs
  3 big kobolds
  Blork the orc (D:7)
  18 giant frogs
  2 wyvern zombies
  Dowan (D:4)
  A wyvern skeleton (D:9)
  A scorpion (D:14)
  27 killer bees
  3 electric eels
  6 crimson imps
  7 lava snakes (Volcano)
  4 centaur zombies
  6 hounds
  14 jellies
  3 giant frog skeletons
  20 orc priests
  10 iguanas
  22 hell rats
  21 orc wizards
  27 worker ants
  2 killer bee zombies
  27 sheep
  A hound skeleton (D:9)
  2 hound zombies
  A worker ant zombie (D:10)
  7 gnolls
  12 adders
  71 river rats
  2 shadow imps (D:8)
  An adder skeleton (D:7)
  3 worms
  5 giant geckos
  91 orcs
  4 giant cockroaches
  16 goblins
  10 hobgoblins
  7 jackals
  18 kobolds
  5 quokkas
  4 bats
  A giant gecko zombie (D:5)
  5 giant newts
  22 rats
  2 fungi
  A plant (Lair:8)
1062 creatures vanquished.

Vanquished Creatures (others)
  4 yaks (IceCv)
  A centaur (Lair:5)
  2 orcs
  16 fungi
  38 plants
61 creatures vanquished.

Grand Total: 1123 creatures vanquished

Notes
Turn   | Place    | Note
--------------------------------------------------------------
     0 | D:1      | Ijustatesigmund the Demonspawn Fighter began the quest for the Orb.
     0 | D:1      | Reached XP level 1. HP: 18/18 MP: 1/1
   530 | D:1      | Gained mutation: You are partially covered in sharp spines. [demonic ancestry]
   530 | D:1      | Reached XP level 2. HP: 24/24 MP: 2/2
  1155 | D:2      | Gained mutation: You sometimes gain a little power by taking damage. [demonic ancestry]
  1155 | D:2      | Reached XP level 3. HP: 29/29 MP: 3/3
  1188 | D:2      | Found an iron altar of Okawaru.
  1199 | D:2      | Became a worshipper of Warmaster Okawaru
  1253 | D:2      | Found a sacrificial altar of Ru.
  1300 | D:2      | Found a blossoming altar of Fedhas.
  1482 | D:2      | Gained mutation: You are partially covered in icy blue scales (AC +1). [demonic ancestry]
  1482 | D:2      | Reached XP level 4. HP: 37/37 MP: 4/4
  1825 | D:3      | Noticed namelastname112's ghost (amateur DrGl)
  2101 | D:3      | Reached skill level 4 in Fighting
  2140 | D:4      | Reached XP level 5. HP: 37/42 MP: 5/5
  2147 | D:4      | Reached * piety under Okawaru
  2161 | D:4      | Found a shimmering altar of Xom.
  2227 | D:4      | Found a glowing drain.
  2233 | Sewer    | Entered a sewer
  2304 | Sewer    | Gained mutation: You have large cloven feet. [demonic ancestry]
  2304 | Sewer    | Reached XP level 6. HP: 47/49 MP: 6/6
  2324 | Sewer    | Found a white marble altar of Elyvilon.
  2415 | D:4      | Got a slimy scale mail
  2426 | D:4      | Identified the +6 scale mail "Ennetwit" {rC+ SInv} (You found it on level 4 of the Dungeon)
  2477 | D:4      | Found a bloodstained altar of Trog.
  2530 | D:4      | Reached skill level 5 in Maces & Flails
  2535 | D:4      | Reached ** piety under Okawaru
  2535 | D:4      | Reached skill level 5 in Fighting
  2554 | D:4      | Noticed FrancescoMac's ghost (amateur HOFi)
  2904 | D:3      | Killed namelastname112's ghost
  2904 | D:3      | Gained mutation: You have hoof-like feet. [demonic ancestry]
  2904 | D:3      | Reached XP level 7. HP: 17/56 MP: 7/7
  3610 | D:4      | Noticed Sigmund
  3625 | D:4      | Killed Sigmund
  3625 | D:4      | Reached skill level 6 in Maces & Flails
  3659 | D:4      | Noticed Grinder
  3662 | D:4      | Paralysed by Grinder for 3 turns
  3674 | D:4      | Killed Grinder
  3708 | D:4      | Noticed Duvessa
  3714 | D:4      | Noticed Dowan
  3721 | D:4      | Killed Duvessa
  3721 | D:4      | Reached skill level 7 in Maces & Flails
  3721 | D:4      | Reached skill level 1 in Invocations
  3721 | D:4      | Reached XP level 8. HP: 60/64 MP: 7/9
  3730 | D:4      | Killed FrancescoMac's ghost
  3730 | D:4      | Reached *** piety under Okawaru
  3750 | D:4      | Killed Dowan
  3788 | D:4      | Found a shattered altar of Ashenzari.
  3897 | D:5      | Entered Level 5 of the Dungeon
  3956 | D:5      | Found a staircase to the Ecumenical Temple.
  4051 | D:5      | Found a sparkling altar of Nemelex Xobeh.
  4434 | D:6      | Found a white marble altar of Elyvilon.
  4444 | D:6      | Learned a level 2 spell: Blink
  4491 | D:6      | Found a blossoming altar of Fedhas.
  4598 | D:6      | Noticed Edmund
  4612 | D:6      | Killed Edmund
  4763 | D:6      | Reached skill level 5 in Invocations
  4923 | D:6      | Found a shadowy altar of Dithmenos.
  4928 | D:6      | Found a snail-covered altar of Cheibriados.
  4930 | D:6      | Found an oddly glowing altar of Pakellas.
  5072 | D:6      | Reached **** piety under Okawaru
  5072 | D:6      | Reached skill level 1 in Translocations
  5072 | D:6      | Reached XP level 9. HP: 72/72 MP: 12/12
  5158 | D:7      | Noticed Joseph
  5171 | D:7      | Killed Joseph
  5171 | D:7      | Reached skill level 8 in Maces & Flails
  5303 | D:7      | Noticed Blork the orc
  5317 | D:7      | Killed Blork the orc
  5317 | D:7      | Reached ***** piety under Okawaru
  5323 | D:7      | Found a deep blue altar of Sif Muna.
  5979 | D:8      | Got a heavily runed leather armour
  6277 | D:8      | Noticed a spiny frog
  6281 | D:8      | Noticed a spiny frog
  6284 | D:8      | Noticed a death yak
  6288 | D:8      | Found a staircase to the Lair.
  6774 | D:9      | Identified the +1 leather armour of Virtue {rElec rPois MP+9 Int-2 Dex+4} (You found it on level 8 of the Dungeon)
  6819 | D:9      | Noticed a troll
  6837 | D:9      | Killed a troll
  6837 | D:9      | Gained mutation: You sometimes gain power by taking damage. [demonic ancestry]
  6837 | D:9      | Reached XP level 10. HP: 24/81 MP: 15/15
  7115 | D:9      | Noticed Psyche
  7133 | D:9      | Killed Psyche
  7184 | D:9      | Found a sacrificial altar of Ru.
  7247 | D:9      | Reached skill level 5 in Armour
  7558 | D:9      | Found an ancient bone altar of Kikubaaqudgha.
  7653 | D:10     | Entered Level 10 of the Dungeon
  7757 | D:10     | Found a staircase to the Orcish Mines.
  7842 | D:10     | Received a gift from Okawaru
  7943 | D:10     | Reached skill level 9 in Maces & Flails
  7961 | D:10     | Noticed a fire dragon
  7980 | D:10     | Killed a fire dragon
  8376 | D:10     | Noticed a hill giant
  8389 | D:10     | HP: 1/83 [hill giant/giant club (16)]
  8390 | D:10     | Killed a hill giant
  8768 | D:10     | Noticed a hill giant
  8777 | D:10     | Killed a hill giant
  8777 | D:10     | Reached skill level 5 in Translocations
  8922 | D:10     | Reached XP level 11. HP: 85/89 MP: 17/17
  8929 | D:10     | Upgraded the game from 0.18-a0-1243-g9e52518 to 0.18-a0-1273-g8ec5f8e
  8960 | D:11     | Noticed YrmMerkstave's ghost (journeyman DrTm)
  8987 | D:11     | Found a flagged portal.
  8994 | Bailey   | Entered a bailey
  9280 | Bailey   | Reached skill level 1 in Dodging
  9838 | Bailey   | Got a pitted executioner's axe
 10233 | Bailey   | Identified the +3 executioner's axe of Muqoxouc {freeze, rN+ SInv} (You found it in a bailey)
 10449 | D:11     | Noticed a brown ugly thing
 10466 | D:12     | Killed a brown ugly thing
 10719 | D:12     | Received a gift from Okawaru
 11262 | D:12     | Reached skill level 5 in Shields
 11503 | D:12     | Noticed a purple ugly thing
 11524 | D:12     | Killed a purple ugly thing
 11524 | D:12     | Received a gift from Okawaru
 11704 | D:12     | Found Dycahi's Magic Scroll Emporium.
 11707 | D:12     | Bought a scroll of identify for 30 gold pieces
 11707 | D:12     | Bought a scroll of enchant weapon for 112 gold pieces
 11707 | D:12     | Bought a scroll of identify for 30 gold pieces
 11707 | D:12     | Bought a scroll of identify for 30 gold pieces
 11707 | D:12     | Bought a scroll of fear for 52 gold pieces
 11707 | D:12     | Bought a scroll of fog for 30 gold pieces
 11798 | D:13     | Reached skill level 10 in Fighting
 11929 | D:13     | Noticed a cyan ugly thing
 11938 | D:13     | Killed a cyan ugly thing
 11938 | D:13     | Reached skill level 10 in Maces & Flails
 11958 | D:13     | Noticed a centaur warrior
 11969 | D:13     | Killed a centaur warrior
 12000 | D:13     | Noticed a brown ugly thing
 12003 | D:13     | Noticed a centaur warrior
 12015 | D:13     | Killed a centaur warrior
 12033 | D:13     | Killed a brown ugly thing
 12527 | D:13     | Reached ****** piety under Okawaru
 12527 | D:13     | Received a gift from Okawaru
 12606 | D:13     | Noticed an unseen horror
 12622 | D:13     | Killed an unseen horror
 12622 | D:13     | Gained mutation: You are mostly covered in sharp spines. [demonic ancestry]
 12622 | D:13     | Reached XP level 12. HP: 98/98 MP: 18/18
 12644 | D:13     | Noticed a vault guard
 12662 | D:13     | Killed a vault guard
 12696 | D:13     | Reached skill level 5 in Dodging
 12927 | D:13     | Reached skill level 11 in Fighting
 12988 | D:13     | Found a gate to the Vaults.
 14002 | Lair:1   | Entered Level 1 of the Lair of Beasts
 14011 | Lair:1   | Received a gift from Okawaru
 14114 | Lair:1   | Noticed a four-headed hydra
 14138 | Lair:1   | Killed a four-headed hydra
 14341 | Lair:1   | Gained mutation: Your magical and physical power is slightly enhanced at high health. [demonic ancestry]
 14341 | Lair:1   | Reached XP level 13. HP: 100/106 MP: 19/19
 14443 | Lair:1   | Reached skill level 10 in Shields
 14966 | Lair:1   | Identified a scroll of acquirement
 15446 | Lair:2   | Reached skill level 12 in Fighting
 15574 | Lair:2   | Received a gift from Okawaru
 15840 | Lair:3   | Identified the Almanac of Arcane Weapons
 15868 | Lair:3   | Found a dark tunnel.
 15922 | Volcano  | Entered a volcano
 16109 | Volcano  | Found a radiant altar of Vehumet.
 16158 | Volcano  | Found a bloodstained altar of Trog.
 16324 | Lair:3   | Found a hole to the Spider Nest.
 17279 | Lair:4   | Found a stormy altar of Qazlal.
 17875 | Lair:4   | Noticed Josephine
 17891 | Lair:4   | Killed Josephine
 18345 | Lair:5   | Noticed Kirke
 18489 | Lair:5   | Found a frozen archway.
 18498 | IceCv    | Entered an ice cave
 18502 | IceCv    | Reached skill level 10 in Invocations
 18643 | IceCv    | Reached XP level 14. HP: 81/115 MP: 21/21
 18816 | IceCv    | Got a scorched lajatang
 18976 | IceCv    | Noticed Lathuz's ghost (journeyman MiBe)
 18994 | IceCv    | Killed Lathuz's ghost
 19300 | IceCv    | Noticed a frost giant
 19316 | IceCv    | Received a gift from Okawaru
 19330 | IceCv    | Killed a frost giant
 19339 | IceCv    | Got an encrusted ring mail {god gift}
 19452 | IceCv    | Identified the +4 ring mail of the Alphagorgon {MR+ MP-9 Str+8 Slay+2} (Okawaru gifted it to you in an ice cave)
 19467 | IceCv    | Identified the +5 lajatang "Beastbane" {speed, Stlth+} (You found it in an ice cave)
 19684 | Lair:5   | Found a staircase to the Shoals.
 19863 | Lair:4   | Killed Kirke
 22182 | Lair:8   | Entered Level 8 of the Lair of Beasts
 22343 | Lair:8   | Reached skill level 13 in Shields
 22530 | Lair:8   | Reached XP level 15. HP: 69/122 MP: 19/24
 22544 | Lair:8   | Received a gift from Okawaru
 22923 | Lair:8   | Found a staircase to the Slime Pits.
 23126 | Lair:8   | Learned a level 1 spell: Apportation
 23874 | Orc:1    | Entered Level 1 of the Orcish Mines
 23924 | Orc:2    | Entered Level 2 of the Orcish Mines
 24550 | Orc:2    | Found a staircase to the Elven Halls.
 24681 | Orc:2    | Found Eqixt's General Store.
 24746 | Orc:2    | Received a gift from Okawaru
 25003 | Orc:2    | Found Joce's Armour Boutique.
 25004 | Orc:2    | Found Ezatoe's Armour Shoppe.
 25056 | Orc:2    | Found Miteg's Assorted Antiques.
 25331 | D:11     | Received a gift from Okawaru
 25699 | D:11     | Killed YrmMerkstave's ghost
 26086 | D:14     | Reached skill level 10 in Armour
 26935 | D:15     | Entered Level 15 of the Dungeon
 26956 | D:15     | Noticed namelastname112's ghost (journeyman DrHu)
 26998 | D:15     | Killed namelastname112's ghost
 27074 | D:15     | Reached XP level 16. HP: 115/131 MP: 25/25
 27141 | D:15     | Found a blossoming altar of Fedhas.
 27538 | D:15     | Got a transparent eveningstar
 27546 | D:15     | Identified the +6 eveningstar "Apridou" {vamp, MP+9 Dex+4} (You acquired it on level 15 of the Dungeon)
 27719 | D:15     | Reached skill level 10 in Dodging
 27737 | D:15     | Received a gift from Okawaru
 27738 | D:15     | Found a staircase to the Depths.
 28236 | Depths:1 | Entered Level 1 of the Depths
 28245 | Depths:1 | Reached skill level 14 in Fighting
 28303 | Depths:1 | Noticed Wiglaf
 28303 | Depths:1 | Noticed Frederick
 28326 | Depths:1 | Killed Wiglaf
 28350 | Depths:1 | Killed Frederick
 28353 | Depths:1 | Noticed Frances
 28359 | Depths:1 | Noticed Agnes
 28371 | Depths:1 | Killed Frances
 28374 | Depths:1 | Paralysed by a vampire knight for 7 turns
 28379 | Depths:1 | HP: 6/133 [Agnes/lajatang (7)]
 28379 | Depths:1 | Demolished by Agnes

Vault maps used:
D:1:      lightli_arrival_flooded_house, minmay_strange_pillars
D:2:      fedhas_altar_1, okawaru_ov_weapons_minmay, serial_glass,
          glass_columns_c, glass_columns_b, kennysheep_decorative_pillar,
          nicolae_ru_awakened_eye
D:3:      first_bread, minmay_goblin_kobold_house
D:4:      lemuel_coloured_pillars_altar, kennysheep_mini, kennysheep_mini_moat,
          lightli_sewer_entry_pipes, hex_tiny, uniq_grinder, uniq_sigmund,
          uniq_duvessa
D:5:      nicolae_overflow_hidden_temple, temple_statues
D:6:      grunt_temple_overflow_open, lemuel_round_altar, basic_altar,
          uniq_edmund
D:7:      tgw_sif, uniq_joseph
D:8:      dpeg_lair_monsters
D:9:      lemuel_crystal_altar, lemuel_round_altar, uniq_psyche
D:10:     dragon1_lemuel, david_orc_3, the_bakery
D:11:     enter_bailey_3
D:12:     serial_co_window_serial, co_window_paths_b, co_window_paths_a,
          co_window_corner_a, co_window_paths_a, co_window_corner_a,
          co_window_of_opportunity_a, co_window_corner_a,
          co_window_unsneaky_path_b, co_window_corner_cb, co_window_2corner,
          co_window_4corner_b, serial_shops, nicolae_shop_behind_doors
D:13:     grunt_vaults_entry_tiered, minmay_misc_feat_doors
D:14:     grunt_decor_clamped
D:15:     hangedman_depths_entry_try_elsewhere_first, lemuel_crystal_altar,
          minivault_7
Lair:1:   wad_woods_01
Lair:2:   nicolae_quartered_pool_medium, serial_bayou_lagoon_b,
          grunt_megastairs_1
Lair:3:   lemuel_ratsnest, spider_nest_entry_funnel_web,
          nicolae_volcano_entry_vermiform, nicolae_quartered_pool_little,
          serial_bayou_lake_a
Lair:4:   basic_altar, st_stairs_4, uniq_josephine
Lair:5:   minmay_shoals_entry_centaurs, portal_ice_cave_entry_pillars_02,
          serial_bayou_shore_a, uniq_kirke
Lair:7:   st_stairs_6
Lair:8:   minmay_lair_end_enchanted_forest, minmay_slime_entry_pillars,
          minivault_29
Orc:1:    nicolae_orc_bridge_out
Orc:2:    st_orc_open
Depths:1: serial_bayou_pond_b, hell_entry, serial_sigils_hangedman_scar,
          sword_in_stone
Sewer:    sewer_kobolds
Bailey:   bailey_polearm_flooded_kennysheep, bailey
IceCv:    ice_cave_caverns_02
Volcano:  volcano_grotto

Action                   |  1- 3 |  4- 6 |  7- 9 | 10-12 | 13-15 | 16-18 || total
-------------------------+-------+-------+-------+-------+-------+-------++-------
Melee: Flail             |    90 |   123 |   281 |    90 |       |       ||   584
       Morningstar       |       |       |       |   692 |  1883 |   123 ||  2698
       Unarmed           |       |       |       |       |    15 |       ||    15
       Eveningstar       |       |       |       |       |       |   165 ||   165
Throw: Tomahawk          |       |       |     4 |       |       |       ||     4
Invok: Heroism           |       |       |     1 |    13 |    13 |     1 ||    28
       Finesse           |       |       |       |     8 |     4 |       ||    12
 Abil: Evoke Invisibilit |       |       |       |     1 |       |       ||     1
Evoke: Wand              |       |       |       |     3 |     1 |       ||     4
  Use: Scroll            |     7 |     4 |    14 |    15 |    14 |     2 ||    56
       Potion            |       |     2 |     8 |     8 |     1 |       ||    19
 Stab: Invisible         |       |       |     2 |       |       |       ||     2
       Sleeping          |       |       |       |     1 |     2 |       ||     3
       Distracted        |       |       |       |       |     1 |       ||     1
  Eat: Chunk             |     2 |     3 |     5 |     6 |     9 |     3 ||    28
       Beef jerky        |       |     1 |     1 |     4 |     2 |     1 ||     9
       Bread ration      |       |       |     3 |     3 |     2 |       ||     8
       Fruit             |       |       |       |       |    14 |       ||    14
       Pizza             |       |       |       |       |     5 |       ||     5
       Meat ration       |       |       |       |       |     1 |       ||     1
       Royal jelly       |       |       |       |       |       |     2 ||     2
